 Dungeon Crawl Stone Soup version 0.26-a0-683-g5206c1d7ac (webtiles) character file.

Game seed: 8730808828438761647

423 marklar909 the Stinger (level 7, -2/47 HPs)
             Began as a Formicid Venom Mage on Oct 22, 2020.
             Was an Initiate of Sif Muna.
             Slain by a mummy (10 damage)
             ... in an ossuary.
             The game lasted 00:11:08 (5251 turns).

marklar909 the Stinger (Formicid Venom Mage)        Turns: 5251, Time: 00:11:08

Health: -2/47      AC:  6    Str: 12    XL:     7   Next: 17%
Magic:  0/12       EV: 10    Int: 17    God:    Sif Muna [......]
Gold:   192        SH:  0    Dex: 11    Spells: 4/13 levels left

rFire    . . .     SeeInvis +   (no weapon)
rCold    . . .     Faith    .   (no shield)
rNeg     . . .     Spirit   .   n - +0 ring mail
rPois    .         Reflect  .   (helmet unavailable)
rElec    .         Harm     .   (no cloak)
rCorr    .         Rampage  .   t - +0 pair of gloves
MR       +....                  (no boots)
Stlth    +.........             (no amulet)
HPRegen  0.15/turn              e - ring of protection from magic
MPRegen  0.13/turn              (no ring)

@: flying
A: permanent stasis, dig shafts and tunnels, four strong arms, antennae 3
a: Dig, Shaft Self, Renounce Religion


You were in an ossuary.
You worshipped Sif Muna.
Sif Muna was noncommittal.
You visited 2 branches of the dungeon, and saw 6 of its levels.
You also visited: Ossuary.

You collected 192 gold pieces.

Inventory:

Armour
 n - a +0 ring mail (worn)
 t - a +0 pair of gloves (worn)
Jewellery
 e - a ring of protection from magic (left hand)
 p - an uncursed ring of fire
Scrolls
 a - a scroll of random uselessness {unknown}
 f - a scroll of noise {unknown}
 h - 5 scrolls of remove curse
 m - a scroll of fear {unknown}
 r - a scroll of magic mapping
 s - 2 scrolls of identify
Potions
 b - 2 potions of flight
 c - a potion of might {unknown}
 d - 4 potions of brilliance
 g - a potion of lignification {unknown}
 i - a potion of mutation {unknown}
 j - a potion of heal wounds {unknown}
 k - a potion of curing
 l - a potion of resistance {unknown}
 o - a potion of berserk rage {unknown}
 q - a potion of stabbing {unknown}
 u - a potion of degeneration {unknown}


   Skills:
 + Level 0.5 Fighting
 + Level 1.0 Armour
 + Level 1.8 Dodging
 + Level 3.1 Stealth
 + Level 3.9 Spellcasting
 + Level 4.1 Transmutations
 + Level 1.3 Air Magic
 + Level 6.2 Poison Magic


You had 4 spell levels left.
You knew the following spells:

 Your Spells              Type           Power        Failure   Level
a - Sting                 Tmut/Pois      ###.         4%          1
b - Poisonous Vapours     Pois/Air       ###...       12%         2
c - Ignite Poison         Fire/Tmut/Pois ###.....     26%         3
d - Mephitic Cloud        Conj/Pois/Air  ##......     36%         3

Your spell library contained the following spells:

 Spells                   Type           Power        Failure   Level
 Olgreb's Toxic Radiance  Pois           ###.....     28%         4


Dungeon Overview and Level Annotations

Branches:
Dungeon (5/15)             Temple (1/1) D:4         Ossuary (1/1)

Altars:
Ashenzari
Cheibriados
Fedhas
Gozag
Hepliaklqana
Kikubaaqudgha
Nemelex Xobeh
Okawaru
Qazlal
Ru
Sif Muna
Uskayaw
Wu Jian
Xom
Zin
The Shining One


Innate Abilities, Weirdness & Mutations

You cannot be hasted, slowed, berserked, paralysed or teleported.
You can dig through walls and to a lower floor.
Your four strong arms can wield two-handed weapons with a shield.
You have a pair of large antennae on your head. (SInv)


Message History

Aiming: Sting (safe; 4% risk of failure)
Press: ? - help, Shift-Dir - straight line, f - mummy
Aim: a mummy (almost destroyed)
The sting hits the mummy.
The mummy is almost destroyed.
Unknown command.
You barely miss the mummy.
The mummy is almost destroyed.
Unknown command.
Your ring mail prevents you from hitting the mummy.
The mummy is almost destroyed.
The mummy barely misses you.
Unknown command.
Casting: Sting (safe; 4% risk of failure)
Confirm with . or Enter, or press ? or * to list all spells.
Aiming: Sting (safe; 4% risk of failure)
Press: ? - help, Shift-Dir - straight line, f/p - mummy
Aim: a mummy (almost destroyed)
The sting misses the mummy.
The mummy hits you!
You die...

#######
#.#.#.#
#..@..#
##.M.##
#.∩.#
#...#
#.∩.#
#...#
##+##


You could see a mummy.

Vanquished Creatures
  An ogre (D:4)
  Jessica (D:2)
  Natasha (thrice) (D:4)
  An orc wizard (D:3)
  2 worker ants
  2 mummies (Ossuary)
  5 adders
  2 worms (D:2)
  A dart slug (D:4)
  13 orcs
  6 bats
  4 giant cockroaches
  4 hobgoblins
  3 quokkas
  A ball python (D:3)
  3 frilled lizards
  4 goblins
  2 kobolds
  7 rats
65 creatures vanquished.

Vanquished Creatures (others)
  An orc wizard (D:3)
1 creature vanquished.

Grand Total: 66 creatures vanquished

Notes
Turn   | Place    | Note
-------+----------+-------------------------------------------
     0 | D:1      | marklar909 the Formicid Venom Mage began the quest for the
                  | Orb.
     0 | D:1      | Reached XP level 1. HP: 13/13 MP: 3/3
     8 | D:1      | Found a broken altar of Ashenzari.
   433 | D:1      | Reached XP level 2. HP: 19/19 MP: 1/5
   657 | D:2      | Upgraded the game from 0.26-a0-682-g294304f6e8 to
                  | 0.26-a0-683-g5206c1d7ac
   918 | D:2      | Reached XP level 3. HP: 24/24 MP: 1/6
  1794 | D:2      | Noticed Jessica
  1801 | D:2      | Killed Jessica
  1801 | D:2      | Reached XP level 4. HP: 30/30 MP: 1/8
  1878 | D:2      | Learned a level 2 spell: Poisonous Vapours
  1882 | D:2      | Learned a level 3 spell: Ignite Poison
  1886 | D:2      | Learned a level 3 spell: Mephitic Cloud
  2465 | D:3      | Reached XP level 5. HP: 34/35 MP: 3/10
  2479 | D:3      | Reached skill level 5 in Poison Magic
  2695 | D:3      | Found a shimmering blue altar of Sif Muna.
  2829 | D:3      | Reached skill level 1 in Air Magic
  3094 | D:4      | Found a broken altar of Ashenzari.
  3428 | D:4      | Found a staircase to the Ecumenical Temple.
  3557 | D:4      | Reached XP level 6. HP: 37/41 MP: 6/11
  3891 | D:4      | Found a snail-covered altar of Cheibriados.
  3962 | D:4      | Noticed Natasha
  3968 | D:4      | Killed Natasha
  3971 | D:4      | Noticed Natasha
  4075 | D:4      | Killed Natasha
  4150 | D:4      | Noticed an ogre
  4154 | D:4      | Killed an ogre
  4263 | D:4      | Noticed Natasha
  4267 | D:4      | Killed Natasha
  4267 | D:4      | Reached skill level 6 in Poison Magic
  4499 | Temple   | Entered the Ecumenical Temple
  4781 | Temple   | Became a worshipper of Sif Muna the Loreminder
  4941 | D:5      | Entered Level 5 of the Dungeon
  4952 | D:5      | Reached XP level 7. HP: 45/46 MP: 2/12
  5050 | D:5      | Reached skill level 1 in Armour
  5207 | D:5      | Found a sand-covered staircase.
  5223 | Ossuary  | Entered an ossuary
  5241 | Ossuary  | HP: 1/47 [mummy (11)]
  5251 | Ossuary  | Slain by a mummy

Illustrated notes

Levels and vault maps discovered:
D:1:      dpeg_arrival_ratfight, layout_rooms, ashenzari_altar_1
D:2:      layout_loops_ring, kennysheep_jessica_study
D:3:      layout_basic, led_sif_book
D:4:      layout_cave_pools, lemuel_doored_altar,
          minmay_temple_entry_drinking_statues, serial_park, serial_park_tiny_2,
          serial_park_square2, uniq_natasha
D:5:      layout_cave_pools, kennysheep_little_box,
          nicolae_ossuary_entry_false_entrances
Temple:   regret_index_temple_generic_petals
Ossuary:  ossuary_minmay_chase

Skill      XL: |  1  2  3  4  5  6  7 |
---------------+----------------------+-----
Transmutations | 2 3 4 |  4.1
Spellcasting   | 3 |  3.9
Poison Magic   | 5 6 |  6.2
Air Magic      | 1 |  1.3
Armour         | 1 |  1.0
Stealth        | 3 |  3.1
Fighting       | |  0.5
Dodging        | |  1.8

Action                   |  1- 3 |  4- 6 |  7- 9 || total
-------------------------+-------+-------+-------++-------
Melee: Unarmed           |     5 |     1 |     7 ||    13
 Cast: Sting             |    52 |    57 |     6 ||   115
       Poisonous Vapours |       |    29 |     4 ||    33
       Mephitic Cloud    |       |       |     1 ||     1
       Ignite Poison     |       |       |     1 ||     1
  Use: Scroll            |     2 |     2 |       ||     4
       Potion            |       |       |     3 ||     3
Armor: Robe              |    10 |     2 |       ||    12
       Ring mail         |       |    13 |     1 ||    14
Dodge: Dodged            |    17 |    22 |     1 ||    40

Table legend: (Time is in decaauts)
 A = Elapsed time spent in this place.
 B = Non-inter-level travel time spent in this place.
 C = Inter-level travel time spent in this place.
 D = Time resting spent in this place.
 E = Time spent auto-exploring this place.
 F = Levels seen in this place.
 G = Mean time per level.
                   A        B        C        D        E       F      G
               +--------+--------+--------+--------+--------+-----+--------+
         Total |   5254 |   4719 |    535 |    843 |   3181 |   7 |  750.6 |
       Dungeon |   4908 |   4504 |    404 |    843 |   2997 |   5 |  981.6 |
        Temple |    318 |    187 |    131 |      0 |    184 |   1 |  318.0 |
       Ossuary |     27 |     27 |      0 |      0 |      0 |   1 |   27.0 |
               +--------+--------+--------+--------+--------+-----+--------+

Top non-repeatable levels by time:
     D:3: 1497 daAuts
     D:2: 1262 daAuts
     D:4: 1212 daAuts
     D:1: 653 daAuts
  Temple: 318 daAuts
     D:5: 281 daAuts
 Ossuary: 27 daAuts
